 Dungeon Crawl Stone Soup version 0.28.0-43-g3370ac3207 (webtiles) character file.

Game seed: 3534787244268159876

70 terff the Grave Robber (level 4, -2/24 HPs)
             Began as a Deep Elf Necromancer on Mar 22, 2022.
             Slain by a white imp (3 damage)
             ... on level 3 of the Dungeon.
             The game lasted 00:09:40 (3319 turns).

terff the Grave Robber (Deep Elf Necromancer)       Turns: 3319, Time: 00:09:41

Health: -2/24      AC:  2    Str:  5    XL:     4   Next: 4%
Magic:  0/12       EV: 12    Int: 22    God:
Gold:   37         SH:  0    Dex: 15    Spells: 10/12 levels left

rFire   . . .      SeeInvis +   b - +0 dagger
rCold   . . .      Faith    .   (no shield)
rNeg    . . .      Spirit   +   a - +0 robe
rPois   .          Reflect  .   (no helmet)
rElec   .          Harm     .   (no cloak)
rCorr   .          Rampage  .   (no gloves)
Will    .....                   (no boots)
Stlth   +.........              e - amulet of guardian spirit
HPRegen 0.08/turn               l - ring of see invisible
MPRegen 0.13/turn               (no ring)

@: silenced
A: no striking features
a: no special abilities


You were on level 3 of the Dungeon.
You visited 1 branch of the dungeon, and saw 3 of its levels.

You collected 37 gold pieces.

Inventory:

Hand Weapons
 b - a +0 dagger (weapon)
Armour
 a - a +0 robe (worn)
Jewellery
 e - an amulet of guardian spirit (around neck)
 l - a ring of see invisible (left hand)
Scrolls
 k - a scroll of silence
Potions
 c - a potion of heal wounds
 d - a potion of mutation {unknown}
 f - a potion of attraction {unknown}
 g - a potion of cancellation {unknown}
 h - 2 potions of curing {unknown}
 i - a potion of haste {unknown}
 j - 2 potions of invisibility {unknown}


   Skills:
 + Level 2.5 Dodging
 + Level 2.6 Stealth
 + Level 4.7 Spellcasting
 + Level 5.7 Necromancy


You had 10 spell levels left.
You knew the following spells:

 Your Spells              Type           Power      Damage    Failure   Level
a - Pain                  Necr           100%       1d9       1%          1
b - Animate Skeleton      Necr           60%        N/A       1%          1

Your spell library contained the following spells:

 Spells                   Type           Power      Damage    Failure   Level
 Vampiric Draining        Necr           30%        2d8       3%          3
 Animate Dead             Necr           15%        N/A       10%         4
 Blink                    Tloc           10%        N/A       16%         2
 Agony                    Necr           30%        N/A       28%         5
 Animate Armour           Summ/Erth      10%        N/A       71%         4
 Blade Hands              Tmut           2%         N/A       96%         5
 Manifold Assault         Tloc           5%         N/A       96%         5
 Iron Shot                Conj/Erth      2%         9d2       100%        6
 Storm Form               Tmut/Air       2%         N/A       100%        7


Dungeon Overview and Level Annotations

Branches:
Dungeon (3/15)

Altars:


Message History

* * * LOW HITPOINT WARNING * * *
The white imp gestures at you. The puff of frost misses you.
You feel much better.
As you read the scroll of silence, it crumbles to dust.
A profound silence engulfs you.
You barely miss the white imp. The white imp gestures at you.
The puff of frost hits you!
You hit the white imp but do no damage. The white imp closely misses you.
You hit the white imp but do no damage. The white imp hits you.
The white imp freezes you.
You closely miss the white imp. The white imp hits you.
The white imp freezes you.
You hit the white imp.
The white imp is lightly wounded.
The white imp gestures at you. The puff of frost misses you.
You hit the white imp but do no damage.
The white imp is lightly wounded.
The white imp gestures at you. The puff of frost hits you!
* * * LOW HITPOINT WARNING * * *
You closely miss the white imp.
The white imp is lightly wounded.
The white imp barely misses you.
You barely miss the white imp.
The white imp is lightly wounded.
The white imp gestures at you. The puff of frost misses you.
You closely miss the white imp.
The white imp is lightly wounded.
The white imp hits you but does no damage.
You completely miss the white imp.
The white imp is lightly wounded.
The white imp barely misses you.
You hit the white imp but do no damage.
The white imp is lightly wounded.
The white imp hits you.
You die...

##### #...#
.########.#.#
..........#5#
.##########@#
#.# #.# #.#
#.#######
#.......#
######.## #.#
#.#


You could see a white imp (unsilenced).

Vanquished Creatures
  Terence (D:2)
  A dart slug (D:1)
  An orc (D:3)
  4 ball pythons
  5 bats
  2 endoplasms
  2 giant cockroaches
  3 goblins
  7 hobgoblins
  3 jackals (D:1)
  2 quokkas (D:1)
  A frilled lizard (D:1)
  3 kobolds
  4 rats
39 creatures vanquished.

Notes
Turn   | Place    | Note
-------+----------+-------------------------------------------
     0 | D:1      | terff the Deep Elf Necromancer began the quest for the Orb.
     0 | D:1      | Reached XP level 1. HP: 10/10 MP: 6/6
    28 | D:1      | Found a faded altar of an unknown god.
   211 | D:1      | Reached skill level 5 in Necromancy
   501 | D:1      | Reached XP level 2. HP: 12/15 MP: 2/8
  1743 | D:1      | Learned a level 1 spell: Animate Skeleton
  1853 | D:1      | Reached XP level 3. HP: 17/19 MP: 8/10
  2280 | D:2      | Noticed Terence
  2285 | D:2      | Killed Terence
  2837 | D:2      | Reached XP level 4. HP: 23/24 MP: 10/12
  3314 | D:3      | HP: 1/24 [white imp/puff of frost (8)]
  3319 | D:3      | Slain by a white imp

Illustrated notes

Levels and vault maps discovered:
D:1:      matt_arrival_spirals, layout_basic,
          hellmonk_ecumenical_altar_crossroads, minmay_pentomino_u4
D:2:      layout_loops_ring, nrook_mini_backslash, kennysheep_small_spiral,
          uniq_terence
D:3:      layout_basic, nicolae_wu_jian_immortal_techniques,
          kennysheep_generic_room_16

Skill      XL: |  1  2 |
---------------+-------+-----
Necromancy     | 5 |  5.7
Spellcasting   | 4 |  4.7
Dodging        | |  2.5
Stealth        | |  2.6

Action                   |  1- 3 |  4- 6 || total
-------------------------+-------+-------++-------
Melee: Dagger            |    16 |    19 ||    35
 Cast: Pain              |    67 |     1 ||    68
       Animate Skeleton  |     1 |       ||     1
  Use: Scroll            |     2 |     2 ||     4
       Potion            |       |     1 ||     1
 Stab: Sleeping          |     1 |       ||     1
Armor: Robe              |     7 |     2 ||     9
Dodge: Dodged            |    27 |    11 ||    38
